[Event "ICCopen2016"]
[Site "Internet Chess Club"]
[Date "2016.06.04"]
[Round "6"]
[White "mikado"]
[Black "WoodTree"]
[Result "0-1"]
[ICCResult "White checkmated"]
[WhiteElo "1996"]
[BlackElo "2363"]
[Opening "English opening"]
[ECO "A20"]
[NIC "EO.24"]
[Time "14:57:16"]
[TimeControl "180+0"]

1. c4 e5 2. g3 f5 3. d4 exd4 4. Qxd4 Nc6 5. Qe3+ Be7 6. Nc3 Nf6 7. Bg2 O-O
8. Nh3 Ng4 9. Qd2 Kh8 10. O-O d6 11. Nf4 Qe8 12. b3 Nce5 13. Bb2 c6 14. Rae1
Qf7 15. Nd3 Nxd3 16. Qxd3 f4 17. Ne4 Qh5 18. h3 Ne5 19. Bxe5 Qxe5 20. g4 h5
21. Bf3 Be6 22. Kg2 d5 23. cxd5 Bxd5 24. Nd2 Rad8 25. Qg6 Bf7 26. Qc2 Rd6
27. Nc4 Bxc4 28. Qxc4 Rd4 29. Qc2 Qg5 30. Rg1 Rfd8 31. Kh2 Qh4 32. gxh5
Qxf2+ 33. Rg2 Qxe1 34. h6 Bh4 35. Qg6 Bg3+ 36. Rxg3 Qxg3+ 37. Qxg3 fxg3+ 38.
Kxg3 gxh6 39. Bg4 Rd2 40. Kf2 Rf8+ 41. Bf3 Rxa2 42. Ke3 Rb2 43. Kd3 Rxb3+
44. Kc4 Rbxf3 45. Kc5 Re3 46. Kd6 Rxe2 47. Kc7 Rh2 48. Kxb7 Rxh3 49. Kxc6 a5
50. Kb5 Ra8 51. Ka4 Rh4+ 52. Ka3 a4 53. Ka2 a3 54. Ka1 a2 55. Kb2 a1=Q+ 56.
Kb3 Rb8+ 57. Kc2 Rc4+ 58. Kd3 Qd4+ 59. Ke2 Rb2+ 60. Kf3 Rc3# {White
checkmated} 0-1

[Event "ICCopen2016"]
[Site "Internet Chess Club"]
[Date "2016.06.04"]
[Round "6"]
[White "GreyWarden"]
[Black "fisek2007"]
[Result "0-1"]
[ICCResult "White resigns"]
[WhiteElo "2050"]
[BlackElo "2467"]
[Opening "Ruy Lopez: closed, Keres (...Nd7) defense"]
[ECO "C96"]
[NIC "RL.23"]
[Time "14:57:48"]
[TimeControl "180+0"]

1. e4 e5 2. Nf3 Nc6 3. Bb5 a6 4. Ba4 Nf6 5. O-O Be7 6. Re1 b5 7. Bb3 d6 8.
c3 O-O 9. h3 Na5 10. Bc2 c5 11. d4 Nd7 12. Nbd2 exd4 13. cxd4 Nc6 14. d5
Nce5 15. Nxe5 Nxe5 16. f4 Ng6 17. Nf3 Bh4 18. Re2 Bg3 19. f5 Ne5 20. Nxe5
Bxe5 21. Qe1 a5 22. Rb1 a4 23. a3 Bd7 24. Qf2 Qe7 25. Bf4 f6 26. Kh1 Rfb8
27. Qg3 Re8 28. Bxe5 Qxe5 29. Qxe5 Rxe5 30. Ra1 Bxf5 31. Rae1 Bg6 32. Bd3
Rb8 33. Kg1 b4 34. Bc4 bxa3 35. bxa3 Rbe8 36. Bd3 f5 37. exf5 Rxe2 38. Rxe2
Rxe2 39. Bxe2 Bxf5 40. Bb5 Bc2 41. Kf2 Kf7 42. Ke3 Kf6 43. Kf4 Bb3 44. Bc6
c4 45. Ke4 c3 46. Kd3 c2 47. Kd2 Ke5 48. g3 Bxd5 49. Bxa4 Bg2 50. Bxc2 Bxh3
51. Bxh7 Bd7 52. Kc3 d5 53. Bd3 d4+ 54. Kb4 Bc6 55. Kc5 Be4 56. Be2 d3 57.
Bd1 Bg2 58. a4 Bf1 59. a5 Be2 60. a6 Bxd1 61. a7 Bf3 {White resigns} 0-1

[Event "ICCopen2016"]
[Site "Internet Chess Club"]
[Date "2016.06.04"]
[Round "6"]
[White "RLH2"]
[Black "totus"]
[Result "0-1"]
[ICCResult "White checkmated"]
[WhiteElo "2753"]
[BlackElo "2380"]
[Opening "Nimzovich-Larsen attack"]
[ECO "A01"]
[NIC "VO.08"]
[Time "14:57:44"]
[TimeControl "180+0"]

1. b3 d6 2. Bb2 Nd7 3. d3 Ngf6 4. c4 g6 5. Nf3 Bg7 6. Nbd2 O-O 7. h4 h5 8.
Qc2 c5 9. O-O-O a6 10. Ne4 Ng4 11. Bxg7 Kxg7 12. e3 b5 13. Be2 Bb7 14. Nfg5
Ndf6 15. Nxf6 exf6 16. Bxg4 fxg5 17. Bf3 Bxf3 18. gxf3 gxh4 19. Qc3+ Qf6 20.
Qxf6+ Kxf6 21. Rxh4 b4 22. d4 Rfd8 23. f4 a5 24. e4 cxd4 25. Rxd4 Rac8 26.
Rh1 Ke7 27. f5 Rc5 28. f4 gxf5 29. Rxh5 fxe4 30. Rxe4+ Kf6 31. Rxc5 dxc5 32.
Re5 Rc8 33. Kd2 a4 34. Kc2 a3 35. Rd5 Ke6 36. Kd3 f5 37. Ke3 Kf6 38. Kf3 Rc7
39. Ke2 Rc8 40. Kd2 Rc7 41. Kc2 Rc8 42. Rd6+ Kg7 43. Ra6 Re8 44. Rc6 Re2+
45. Kb1 Re1+ 46. Kc2 Re2+ 47. Kb1 Rb2+ 48. Ka1 Rf2 49. Kb1 Rxf4 50. Rxc5
Rf1+ 51. Kc2 Rf2+ 52. Kb1 Rf1+ 53. Kc2 Rf2+ 54. Kd3 Rxa2 55. Rb5 f4 56. Rxb4
f3 57. Rb7+ Kf6 58. Rb8 Ke7 59. Rb7+ Kd6 60. Rf7 f2 61. Kc3 Re2 62. c5+ Kxc5
63. b4+ Kd5 64. Kb3 a2 65. Rd7+ Kc6 66. Rf7 a1=Q 67. Kc4 Qc1+ 68. Kd4 Qe3+
69. Kc4 Rc2# {White checkmated} 0-1

[Event "ICCopen2016"]
[Site "Internet Chess Club"]
[Date "2016.06.04"]
[Round "6"]
[White "BlackHorse96"]
[Black "aplusk"]
[Result "1/2-1/2"]
[ICCResult "Game drawn because neither player has mating material"]
[WhiteElo "3172"]
[BlackElo "2878"]
[Opening "Queen's pawn: Chigorin variation"]
[ECO "D00"]
[NIC "QP.08"]
[Time "14:57:11"]
[TimeControl "180+0"]

1. d4 d5 2. Nc3 Nf6 3. Bf4 c6 4. e3 Bf5 5. f3 Qb6 6. a3 Qxb2 7. Na4 Qxc2 8.
Qxc2 Bxc2 9. Nc5 b6 10. Na6 Nxa6 11. Bxa6 Ba4 12. Ne2 Kd7 13. Nc3 Bb3 14.
Kd2 Bc4 15. Bb7 Rd8 16. a4 e6 17. a5 b5 18. a6 Bd6 19. Bxd6 Kxd6 20. Rhe1
Nd7 21. e4 Rb8 22. e5+ Kc7 23. f4 g6 24. g4 h5 25. g5 c5 26. Ke3 Rxb7 27.
axb7 Kxb7 28. Ra5 a6 29. Rea1 Ra8 30. Nd1 cxd4+ 31. Kxd4 Kb6 32. R5a3 Nb8
33. Ke3 Nc6 34. Rb1 a5 35. Nb2 Nb4 36. Nxc4+ dxc4 37. Rxb4 Kc5 38. Rb1 a4
39. Rba1 Rd8 40. R3a2 c3 41. Rc1 Kc4 42. Ra3 Rd3+ 43. Ke4 Rh3 44. Rd1 b4 45.
Rxa4 Kb3 46. Rda1 c2 47. Ra7 Rc3 48. Rxf7 Kb2 49. Re1 b3 50. f5 exf5+ 51.
Kd4 c1=Q 52. Rxc1 Rxc1 53. e6 Re1 54. Kd5 Kc3 55. Rc7+ Kb2 56. Rb7 f4 57.
Rf7 Ka1 58. Ra7+ Kb2 59. Rf7 Kc2 60. Rxf4 b2 61. Rc4+ Kb3 62. Rc7 b1=Q 63.
Rb7+ Kc2 64. Rxb1 Kxb1 65. Kd6 Kc2 66. e7 Kd3 67. Kd7 h4 68. e8=Q Rxe8 69.
Kxe8 Ke4 70. Kf7 Kf5 71. Kg7 Kxg5 72. h3 Kf4 73. Kxg6 Kg3 74. Kf5 Kxh3 75.
Kg5 Kg2 76. Kxh4 {Game drawn because neither player has mating material}
1/2-1/2

[Event "ICCopen2016"]
[Site "Internet Chess Club"]
[Date "2016.06.04"]
[Round "6"]
[White "anitak"]
[Black "OparinGrigoriy"]
[Result "0-1"]
[ICCResult "White forfeits on time"]
[WhiteElo "2113"]
[BlackElo "2787"]
[Opening "English opening"]
[ECO "A17"]
[NIC "EO.64"]
[Time "14:57:21"]
[TimeControl "180+0"]

1. c4 Nf6 2. Nc3 e6 3. g3 d5 4. cxd5 exd5 5. d4 c6 6. Bg2 Bd6 7. Nf3 O-O 8.
a3 Re8 9. O-O Bf5 10. Bf4 Qe7 11. Bxd6 Qxd6 12. b4 Nbd7 13. e3 b5 14. Ne1 a5
15. bxa5 Rxa5 16. Qb3 Rea8 17. a4 Nb6 18. Nf3 Nxa4 19. Nxa4 bxa4 20. Qa3
Qxa3 21. Rxa3 Nd7 22. Rc1 R5a6 23. Bf1 Rb6 24. h3 Kf8 25. g4 Bg6 26. Rca1
Rb4 27. Rc1 Rb6 28. Rca1 Bc2 29. Ne1 Bb3 30. Nd3 Ke7 31. h4 Kd6 32. g5 c5
33. dxc5+ Nxc5 34. Nf4 Rb4 35. Bg2 Rd8 36. Rc1 Ne6 37. Nd3 Rc4 38. Rb1 Rxh4
39. Nc1 Rb4 40. Nxb3 Rdb8 41. Rd1 axb3 42. Bxd5 Ke7 43. Ra7+ Kf8 44. Bxe6
fxe6 45. Rdd7 Rg4+ 46. Kh2 Rxg5 47. Rf7+ Kg8 48. Rfb7 Rf8 49. f4 Rg6 50.
Rxb3 e5 51. Ra4 h6 52. Kh3 Rf5 53. Kh4 Rg1 54. Rb8+ Kh7 55. Rbb4 Rf6 56.
fxe5 Rf2 57. Kh3 Rf5 58. Kh2 Rg6 59. Re4 Rh5+ 60. Rh4 Rxe5 61. Rae4 Ra5 62.
Kh3 Ra1 63. Rhg4 Rxg4 64. Kxg4 Ra3 65. Kf3 Ra5 66. Re7 Rf5+ 67. Kg4 Rf6 68.
e4 Kg6 {White forfeits on time} 0-1

[Event "ICCopen2016"]
[Site "Internet Chess Club"]
[Date "2016.06.04"]
[Round "6"]
[White "AllGunsBlazing"]
[Black "Dan83"]
[Result "1-0"]
[ICCResult "Black forfeits on time"]
[WhiteElo "2672"]
[BlackElo "1978"]
[Opening "Queen's pawn, Mason variation"]
[ECO "D00"]
[NIC "QP.08"]
[Time "14:57:25"]
[TimeControl "180+0"]

1. d4 d5 2. Bf4 Nf6 3. e3 c5 4. dxc5 Nc6 5. c3 e5 6. Bg5 Bxc5 7. Bxf6 gxf6
8. Nd2 Be6 9. Bd3 e4 10. Bb5 Qb6 11. Qa4 a6 12. Bxc6+ bxc6 13. Nb3 Bd6 14.
Ne2 Bd7 15. Qd4 Qxd4 16. cxd4 a5 17. Rc1 a4 18. Nc5 a3 19. b3 Bc8 20. Kd2
Ke7 21. Rc3 Ba6 22. Nf4 Bb5 23. Rhc1 h5 24. h4 Bxf4 25. exf4 Rhg8 26. g3 f5
27. Re3 Rgb8 28. Rcc3 Ra7 29. Kc2 Rba8 30. Kd2 Kd6 31. Rc1 f6 32. Rec3 Ra5
33. b4 R5a7 34. Nb3 Bc4 35. Na5 Bxa2 36. Rxa3 Bc4 37. Nxc4+ dxc4 38. Rxa7
Rxa7 39. Rxc4 Kd5 40. Rc5+ Kxd4 41. Rxf5 Ra2+ 42. Ke1 Kd3 43. Kf1 e3 44.
fxe3 Kxe3 45. Rxf6 Ra1+ 46. Kg2 Ra2+ 47. Kh3 Kf3 48. Rxc6 Ra3 49. f5 Kf2 50.
Rc2+ Kf3 51. f6 Ra1 52. Rc3+ Kf2 53. Kh2 Ra2 54. f7 Ra8 55. Rc4 Rf8 56. Rf4+
Ke3 57. b5 {Black forfeits on time} 1-0

[Event "ICCopen2016"]
[Site "Internet Chess Club"]
[Date "2016.06.04"]
[Round "6"]
[White "TudoracheM"]
[Black "marianzaim"]
[Result "0-1"]
[ICCResult "White forfeits on time"]
[WhiteElo "1709"]
[BlackElo "1955"]
[Opening "Sicilian: Kan variation"]
[ECO "B41"]
[NIC "SI.41"]
[Time "14:57:50"]
[TimeControl "180+0"]

1. e4 c5 2. Nf3 e6 3. d4 cxd4 4. Nxd4 a6 5. g3 Qc7 6. Bg2 Nf6 7. Qe2 d6 8.
c4 Be7 9. Nc3 O-O 10. O-O Nc6 11. Rd1 Bd7 12. h3 Rac8 13. Nxc6 Bxc6 14. b3
Qb8 15. Bb2 b5 16. cxb5 axb5 17. Rac1 b4 18. Nb1 Qb7 19. Nd2 Ra8 20. Ra1
Rfc8 21. Bd4 h6 22. Rdc1 e5 23. Bb2 Nd7 24. Nc4 Nc5 25. f3 Bb5 26. Qd2 Bxc4
27. Rxc4 Ne6 28. Qd5 Qxd5 29. exd5 Rxc4 30. bxc4 Nc5 31. f4 exf4 32. gxf4
Nd3 33. Bd4 Kf8 34. f5 Bg5 35. Bf1 Nf4 36. Kf2 Nh5 37. Be3 Bf6 38. Rb1 Rxa2+
39. Kf3 Bc3 40. c5 dxc5 41. Bxc5+ Kg8 42. Bxb4 Bxb4 43. Rxb4 Ra3+ 44. Kf2
Nf6 45. d6 Ra7 46. Bg2 Rd7 47. Rd4 Ne8 48. Bc6 Rxd6 49. Rxd6 Nxd6 50. Bd7
Kf8 51. Kf3 Ke7 {White forfeits on time} 0-1

[Event "ICCopen2016"]
[Site "Internet Chess Club"]
[Date "2016.06.04"]
[Round "6"]
[White "Jemm"]
[Black "kfactor"]
[Result "0-1"]
[ICCResult "White forfeits on time"]
[WhiteElo "1208"]
[BlackElo "1378"]
[Opening "French defense"]
[ECO "C01"]
[NIC "FR.01"]
[Time "14:57:47"]
[TimeControl "180+0"]

1. e4 e6 2. d4 c6 3. c3 d5 4. e5 h5 5. Be2 g6 6. Nf3 Bh6 7. O-O Bxc1 8. Qxc1
Nh6 9. h4 b6 10. Ng5 a5 11. Qf4 Qe7 12. Nd2 Nf5 13. Nb3 a4 14. Nd2 Ba6 15.
Rfe1 Bxe2 16. Rxe2 b5 17. b3 a3 18. b4 Nd7 19. Nb3 Nh6 20. Qc1 Nf5 21. g3
Kf8 22. Na5 Nb8 23. Qxa3 Kg7 24. Qb3 Qc7 25. Qa3 Nd7 26. Kh2 Nb6 27. Qb3
Rhf8 28. a4 Nc4 29. axb5 cxb5 30. Rea2 Nxa5 31. Rxa5 Rxa5 32. Rxa5 Qc4 33.
Qxc4 dxc4 {White forfeits on time} 0-1

[Event "ICCopen2016"]
[Site "Internet Chess Club"]
[Date "2016.06.04"]
[Round "6"]
[White "waynerooney"]
[Black "goran-esyu"]
[Result "1-0"]
[ICCResult "Black forfeits on time"]
[WhiteElo "1948"]
[BlackElo "2251"]
[Opening "Sicilian: closed"]
[ECO "B23"]
[NIC "SI.44"]
[Time "14:57:00"]
[TimeControl "180+0"]

1. e4 c5 2. Nc3 e6 3. f4 Nc6 4. Nf3 a6 5. g3 d5 6. d3 Nf6 7. Qe2 Be7 8. Bg2
O-O 9. O-O b5 10. Nd1 b4 11. c3 a5 12. Ne5 Qb6 13. Nxc6 Qxc6 14. exd5 exd5
15. Ne3 Re8 16. c4 Bf8 17. Qf2 Qa6 18. Nxd5 Nxd5 19. Bxd5 Bb7 20. Bxb7 Qxb7
21. Be3 Qc6 22. Rad1 a4 23. Rfe1 Rad8 24. b3 Ra8 25. d4 axb3 26. d5 Qg6 27.
axb3 Qd6 28. f5 Rec8 29. Bf4 Qb6 30. d6 Ra7 31. Re2 Rd8 32. Red2 Rad7 33.
Be3 Rxd6 34. Rd5 Rxd5 35. Rxd5 Rxd5 36. cxd5 Qd6 37. Qf3 Qe5 38. Kg2 Qb2+
39. Kh3 Qxb3 40. Bf4 Qc4 41. d6 Qd4 42. d7 Qxd7 43. Qb3 Qc8 44. Qc2 h6 45.
Qb1 Qc6 46. Bxh6 c4 47. f6 gxh6 48. Qg6+ {Black forfeits on time} 1-0

[Event "ICCopen2016"]
[Site "Internet Chess Club"]
[Date "2016.06.04"]
[Round "6"]
[White "Igrok"]
[Black "KAPAMA3OB"]
[Result "0-1"]
[ICCResult "White forfeits on time"]
[WhiteElo "3018"]
[BlackElo "2734"]
[Opening "Queen's gambit declined"]
[ECO "D30"]
[NIC "QP.08"]
[Time "14:57:41"]
[TimeControl "180+0"]

1. d4 d5 2. c4 e6 3. Nf3 c6 4. Qc2 Nf6 5. Bg5 h6 6. Bh4 Nbd7 7. Nbd2 Qa5 8.
e3 Ne4 9. Bd3 f5 10. Bg3 g5 11. Be5 Nxe5 12. dxe5 Nxd2 13. Nxd2 dxc4 14.
Bxc4 Qxe5 15. O-O-O Bg7 16. Nf3 Qc5 17. Nd4 Ke7 18. Nb3 Qb4 19. a3 Qb6 20.
h4 Bd7 21. Qd3 Qc7 22. Nc5 Rad8 23. Qb3 Bc8 24. Rxd8 Rxd8 25. hxg5 hxg5 26.
Rh7 Kf8 27. Bxe6 Qb6 28. Qxb6 axb6 29. Bxc8 bxc5 30. Bxf5 b6 31. Be4 Rd6 32.
f3 c4 33. Rh5 Bf6 34. Rh7 Bg7 35. f4 gxf4 36. exf4 Rd4 37. Bf3 Rxf4 38. Rh5
Rf6 39. Kc2 b5 40. Rg5 Rd6 41. Rg4 Bf6 42. Rf4 Ke7 43. Re4+ Re6 44. Rxe6+
Kxe6 {White forfeits on time} 0-1

[Event "ICCopen2016"]
[Site "Internet Chess Club"]
[Date "2016.06.04"]
[Round "6"]
[White "afgano45"]
[Black "burbur"]
[Result "1-0"]
[ICCResult "Black forfeits on time"]
[WhiteElo "2003"]
[BlackElo "2490"]
[Opening "Robatsch defense"]
[ECO "B06"]
[NIC "KF.05"]
[Time "14:57:45"]
[TimeControl "180+0"]

1. e4 g6 2. d4 Bg7 3. Nc3 c6 4. Nf3 d5 5. Be2 dxe4 6. Nxe4 Nf6 7. Nxf6+ exf6
8. O-O O-O 9. c3 Be6 10. Bf4 Re8 11. Qd2 Nd7 12. Rfe1 Nb6 13. Bh6 Bh8 14. b3
Qd7 15. h3 a5 16. Bf1 a4 17. c4 Bf5 18. Qb4 Qc7 19. g3 Be6 20. Bf4 Qd8 21.
Rad1 Bg7 22. Bg2 Bf8 23. Qc3 axb3 24. axb3 Ra3 25. Bc1 Ra2 26. Rd2 Qa8 27.
d5 cxd5 28. c5 Nd7 29. b4 Bg7 30. Rxa2 Qxa2 31. Bb2 Ne5 32. Nd4 Qc4 33. Qd2
Nd3 34. Bf1 Qxb4 35. Bc3 Qxc5 36. Qxd3 f5 37. Bb2 Qb6 38. Ba1 Ra8 39. Rb1
Qc5 40. Nxe6 fxe6 41. Bxg7 Kxg7 42. Rxb7+ Kf6 43. Qd2 Ra7 44. Rb8 Kg7 45. h4
Re7 46. h5 e5 47. hxg6 hxg6 48. Ra8 d4 49. Ra6 e4 50. Qg5
{Black forfeits on time}
1-0

[Event "ICCopen2016"]
[Site "Internet Chess Club"]
[Date "2016.06.04"]
[Round "6"]
[White "CrossShark"]
[Black "Maxbet"]
[Result "0-1"]
[ICCResult "White checkmated"]
[WhiteElo "2602"]
[BlackElo "2906"]
[Opening "Ponziani: Jaenisch counter-attack"]
[ECO "C44"]
[NIC "KP.05"]
[Time "14:57:21"]
[TimeControl "180+0"]

1. e4 e5 2. Nf3 Nc6 3. c3 Nf6 4. d4 exd4 5. e5 Nd5 6. Bc4 Nb6 7. Bxf7+ Kxf7
8. Ng5+ Ke8 9. cxd4 d5 10. exd6 Bxd6 11. O-O Bf5 12. Re1+ Kd7 13. Nf7 Qf6
14. Nxh8 Rxh8 15. Be3 Qh4 16. g3 Qh3 17. Qf3 h5 18. Nc3 h4 19. Qg2 hxg3 20.
fxg3 Qxg2+ 21. Kxg2 Nc4 22. b3 Nxe3+ 23. Rxe3 Nxd4 24. Rd1 Bh3+ 25. Kg1 c5
26. Ne4 Be7 27. b4 Bg4 28. Rd2 b6 29. bxc5 bxc5 30. Nf2 Be6 31. h4 Bd5 32.
Ra3 Ra8 33. Rdd3 Kc6 34. Ra6+ Kb5 35. Rda3 Rf8 36. R6a5+ Kc6 37. Ra6+ Kb5
38. R6a5+ Kc6 39. Ra6+ Kc7 40. Rxa7+ Bb7 41. Nd3 Nb5 42. Rxb7+ Kxb7 43. Rb3
Kb6 44. Ne5 c4 45. Nxc4+ Kc5 46. Ne5 Rd8 47. Ng6 Bf6 48. a4 Nd4 49. Rb7 Ne2+
50. Kg2 Nc3 51. Rc7+ Kb6 52. Rc4 Rd2+ 53. Kh3 Nd5 54. Nf4 Ne3 55. Rb4+ Ka5
56. Re4 Nf5 57. Ne6 Nd6 58. Rg4 Rd3 59. Ng5 Re3 60. Ne4 Rxe4 61. Rxe4 Nxe4
62. g4 Kxa4 63. g5 Nxg5+ 64. hxg5 Bxg5 65. Kg4 Bf6 66. Kf5 Kb5 67. Kg6 Kc6
68. Kh5 Kd7 69. Kg6 Ke8 70. Kh5 Kf8 71. Kg6 Kg8 72. Kf5 Kf7 73. Kg4 g6 74.
Kf3 Kg7 75. Kg4 Kh6 76. Kf3 g5 77. Kg4 Kg6 78. Kg3 Kh5 79. Kg2 g4 80. Kf2
Kh4 81. Kf1 Kh3 82. Kg1 g3 83. Kh1 g2+ 84. Kg1 Bd4# {White checkmated} 0-1

[Event "ICCopen2016"]
[Site "Internet Chess Club"]
[Date "2016.06.04"]
[Round "6"]
[White "HEM"]
[Black "RJoseph12"]
[Result "1-0"]
[ICCResult "Black checkmated"]
[WhiteElo "1537"]
[BlackElo "1328"]
[Opening "Réti opening"]
[ECO "A11"]
[NIC "RE.06"]
[Time "14:57:52"]
[TimeControl "180+0"]

1. Nf3 d5 2. c4 c6 3. g3 Nf6 4. Bg2 Bf5 5. Qb3 Qb6 6. O-O Nbd7 7. Nc3 e6 8.
d3 Be7 9. Bd2 O-O 10. Rfc1 Rac8 11. Qxb6 axb6 12. Na4 Ra8 13. Nc3 c5 14.
cxd5 exd5 15. d4 Ne4 16. Nxd5 Bd6 17. Bf4 Bxf4 18. gxf4 Nef6 19. Ne7+ Kh8
20. Nxf5 Nd5 21. e3 g6 22. Ng3 N7f6 23. Ne5 Rae8 24. dxc5 bxc5 25. Rxc5 b6
26. Rxd5 Ng8 27. Rad1 Ne7 28. Rd7 Kg8 29. Ne4 Nf5 30. Nf6+ Kg7 31. Nxe8+
Rxe8 32. Rxf7+ Kg8 33. Bd5 Kh8 34. Rc1 Nd6 35. Rd7 Nf5 36. Rcc7 Ne7 37. Rxe7
Rxe7 38. Rxe7 h6 39. Nf7+ Kg7 40. Ng5+ Kf6 41. Rf7# {Black checkmated} 1-0

[Event "ICCopen2016"]
[Site "Internet Chess Club"]
[Date "2016.06.04"]
[Round "6"]
[White "DrOussedik"]
[Black "HungryFarseer"]
[Result "1-0"]
[ICCResult "Black checkmated"]
[WhiteElo "2137"]
[BlackElo "1744"]
[Opening "King's Indian: Makagonov system (5.h3)"]
[ECO "E71"]
[NIC "KI.30"]
[Time "14:58:13"]
[TimeControl "180+0"]

1. d4 d6 2. c4 Nf6 3. Nc3 g6 4. e4 Bg7 5. h3 O-O 6. Bg5 Nc6 7. Nf3 e5 8. d5
Ne7 9. Be2 Nd7 10. g4 a5 11. Rg1 Nc5 12. Nd2 c6 13. h4 f6 14. Be3 cxd5 15.
cxd5 Bd7 16. Bxc5 dxc5 17. a4 Nc8 18. h5 Nd6 19. Nc4 Qe7 20. Nxd6 Qxd6 21.
Bb5 Rfd8 22. Qe2 Bh6 23. Kd1 Bg5 24. Kc2 Kg7 25. Rad1 Rac8 26. Bxd7 Qxd7 27.
Qc4 Qe7 28. Nb5 Qf7 29. Kb1 b6 30. Rd3 h6 31. Rh3 Kh7 32. Rhh1 gxh5 33. Rxh5
Qg6 34. f3 Kg7 35. Rhh1 Qf7 36. Rf1 Rd7 37. Ka2 Rcd8 38. Rd1 Rc8 39. Nc3 Rd6
40. Nb5 Rd7 41. Rdf1 Bf4 42. Rh5 Bg5 43. Rh2 Bf4 44. Rg2 Bg5 45. Rfg1 Kg6
46. Re2 Kg7 47. Ree1 Kh7 48. Rd1 Kg7 49. Qd3 Bf4 50. Qc4 Bg5 51. Na3 Rd6 52.
Rh1 Rd7 53. Qb5 Rd6 54. Nc4 Rdd8 55. Rdf1 Qd7 56. Qxd7+ Rxd7 57. Nxb6 Rcd8
58. Nxd7 Rxd7 59. Rd1 Rd6 60. Rh2 Kf7 61. Rc2 Be3 62. Rh1 Ke7 63. Rc3 Bd4
64. Rb3 c4 65. Rb7+ Kd8 66. Rxh6 Kc8 67. Rf7 Rb6 68. Rh8# {Black checkmated}
1-0

[Event "ICCopen2016"]
[Site "Internet Chess Club"]
[Date "2016.06.04"]
[Round "6"]
[White "blitzmaniac"]
[Black "LordofSwords"]
[Result "1-0"]
[ICCResult "Black resigns"]
[WhiteElo "2798"]
[BlackElo "2124"]
[Opening "Nimzovich-Larsen attack: modern variation"]
[ECO "A01"]
[NIC "VO.08"]
[Time "14:57:40"]
[TimeControl "180+0"]

1. b3 e5 2. Bb2 Nc6 3. e3 d5 4. Bb5 Bd6 5. Nf3 Qe7 6. c4 Nf6 7. Nc3 dxc4 8.
Bxc4 O-O 9. h3 e4 10. Nh2 Bxh2 11. Rxh2 Ne5 12. Be2 Rd8 13. Qc2 Bf5 14. g4
Bg6 15. g5 Nd5 16. Nxd5 Rxd5 17. h4 Rad8 18. Bc3 b5 19. h5 Bf5 20. O-O-O b4
21. Bxe5 Qxe5 22. Rg2 Rxd2 23. Rxd2 Qa1+ 24. Qb1 Qxb1+ 25. Kxb1 Rxd2 26. Bc4
g6 27. hxg6 hxg6 28. Rg1 Rxf2 29. Rc1 Kg7 30. Bd5 Be6 31. Bxe6 fxe6 32.
Rxc7+ Rf7 33. Rc4 Rb7 34. Rxe4 Kf7 35. Kc2 Rb5 36. Rg4 e5 37. Kd3 Ke6 38.
Kc4 Ra5 39. Rg2 Ra6 40. e4 Rb6 41. Kc5 Rb8 42. Rd2 a5 43. Kc6 Ke7 44. Kc7
Ra8 45. Rd5 Ke6 46. Rd6+ Ke7 47. Rxg6 Rf8 48. Rg7+ Ke6 49. Rg6+ Kf7 50. Rf6+
Kg7 51. Rxf8 Kxf8 52. Kd6 {Black resigns} 1-0

[Event "ICCopen2016"]
[Site "Internet Chess Club"]
[Date "2016.06.04"]
[Round "6"]
[White "Pschaak"]
[Black "Bom182"]
[Result "0-1"]
[ICCResult "White forfeits on time"]
[WhiteElo "1723"]
[BlackElo "1951"]
[Opening "Queen's bishop game"]
[ECO "D00"]
[NIC "QP.08"]
[Time "14:56:54"]
[TimeControl "180+0"]

1. d4 d5 2. Bf4 Nf6 3. Nf3 c5 4. e3 Nc6 5. Nc3 a6 6. dxc5 e6 7. Na4 Nh5 8.
Nb6 Ra7 9. Nxc8 Qxc8 10. Bd6 Bxd6 11. cxd6 O-O 12. Be2 Nf6 13. O-O Qd7 14.
c3 Qxd6 15. a3 b5 16. Nd4 Nxd4 17. Qxd4 Rc7 18. Qb4 Qc6 19. a4 Rb8 20. axb5
axb5 21. Ra5 Rcb7 22. Rfa1 g6 23. Ra6 Qd7 24. Ra8 Rxa8 25. Rxa8+ Kg7 26. Ra5
Ne4 27. Rxb5 Ra7 28. Ra5 Rb7 29. Bb5 Qc7 30. Qd4+ f6 31. Bf1 Nd6 32. Ra2 Qc6
33. Qa4 Qxa4 34. Rxa4 Rxb2 35. f3 f5 36. c4 dxc4 37. Bxc4 Nxc4 38. Rxc4 Re2
39. Rc3 Kf6 40. Kf1 Rd2 41. Ke1 Ra2 42. f4 Ra1+ 43. Kf2 Ra2+ 44. Kg3 Rxg2+
45. Kxg2 h5 46. Kf3 h4 47. Rd3 h3 {White forfeits on time} 0-1

[Event "ICCopen2016"]
[Site "Internet Chess Club"]
[Date "2016.06.04"]
[Round "6"]
[White "Tal-Baron"]
[Black "Red-white"]
[Result "0-1"]
[ICCResult "White forfeits on time"]
[WhiteElo "2765"]
[BlackElo "3060"]
[Opening "QGD Slav: 4.Nc3"]
[ECO "D15"]
[NIC "SL.03"]
[Time "14:57:28"]
[TimeControl "180+0"]

1. d4 d5 2. c4 c6 3. Nf3 Nf6 4. Nc3 a6 5. g3 g6 6. Bg2 Bg7 7. O-O O-O 8.
cxd5 cxd5 9. Ne5 e6 10. Bf4 Nbd7 11. Nf3 b5 12. Rc1 Bb7 13. h3 Rc8 14. Qd3
Ne4 15. Nd2 Nxc3 16. Rxc3 Qb6 17. Nb3 Rc4 18. Be3 Rfc8 19. Rfc1 a5 20. R3c2
a4 21. Nc5 Nxc5 22. dxc5 Qa5 23. b3 axb3 24. axb3 Rxc2 25. Rxc2 Bc6 26. Bd2
Qa1+ 27. Rc1 Qa3 28. Bf1 Ra8 29. e3 h5 30. b4 Qb2 31. Rb1 Qe5 32. Rc1 Ra2
33. Bc3 Qg5 34. Bxg7 Kxg7 35. Qb3 Ra4 36. Rc2 Ra1 37. Ra2 Qf6 38. Qa3 Re1
39. Re2 Rd1 40. Qb3 Qa1 41. Qb2+ Qxb2 42. Rxb2 d4 43. exd4 Bd5 44. f4 Bc4
45. Rf2 Rxd4 46. Bxc4 Rxc4 47. Rb2 Kf6 48. Kf2 e5 49. Rb1 exf4 50. gxf4
Rxf4+ 51. Ke3 Rc4 52. Kd3 Ke6 53. Re1+ Kd5 54. Rf1 Rxb4 55. Rxf7 Rb3+ 56.
Kc2 Rxh3 57. Rf6 Kxc5 58. Rxg6 b4 59. Rg5+ Kc4 {White forfeits on time} 0-1

[Event "ICCopen2016"]
[Site "Internet Chess Club"]
[Date "2016.06.04"]
[Round "6"]
[White "ivancele"]
[Black "ponte2"]
[Result "1-0"]
[ICCResult "Black checkmated"]
[WhiteElo "1517"]
[BlackElo "1334"]
[Opening "Dutch defense, Rubinstein variation"]
[ECO "A40"]
[NIC "QO.17"]
[Time "14:58:10"]
[TimeControl "180+0"]

1. d4 e6 2. c4 f5 3. Nc3 Nf6 4. g3 Bb4 5. Bd2 O-O 6. Bg2 d6 7. a3 Bxc3 8.
Bxc3 Nbd7 9. b4 Rb8 10. e3 b6 11. Ne2 Ne4 12. Bb2 Qe8 13. O-O Bb7 14. Rc1
Ba6 15. Qa4 Bb7 16. Nf4 Nd2 17. Rfd1 Nf3+ 18. Bxf3 Bxf3 19. Rd2 Nf6 20. Qxe8
Rfxe8 21. h3 g5 22. Nd3 Ne4 23. Rdc2 Re7 24. c5 d5 25. Ne5 Ra8 26. Nxf3 g4
27. Ne5 gxh3 28. Kh2 Ng5 29. cxb6 axb6 30. Rxc7 Rxc7 31. Rxc7 Rf8 32. Rc6
Ne4 33. Rxb6 Nxf2 34. Rxe6 Ne4 35. Ra6 f4 36. gxf4 Rf7 37. Kxh3 Rg7 38. Ra8#
{Black checkmated}
1-0

[Event "ICCopen2016"]
[Site "Internet Chess Club"]
[Date "2016.06.04"]
[Round "6"]
[White "AttackSparrow"]
[Black "vidalnovich"]
[Result "0-1"]
[ICCResult "White checkmated"]
[WhiteElo "2305"]
[BlackElo "1751"]
[Opening "Vienna game"]
[ECO "C28"]
[NIC "VG.04"]
[Time "14:57:24"]
[TimeControl "180+0"]

1. e4 e5 2. Nc3 Nc6 3. Bc4 Nf6 4. d3 Bc5 5. h3 d6 6. Nge2 Na5 7. O-O Be6 8.
Bb3 Qd7 9. Kh2 h5 10. Bxe6 fxe6 11. Be3 Nc6 12. Kg1 h4 13. Qd2 Nd4 14. f4
Nh5 15. Bxd4 exd4 16. Nd1 e5 17. f5 Qe7 18. b4 Bb6 19. a4 a5 20. b5 c6 21.
bxc6 bxc6 22. Rb1 Rb8 23. Nf2 d5 24. Kh2 Ng3 25. Nxg3 hxg3+ 26. Kxg3 Kd7 27.
Kh2 Qh4 28. Qe2 Bc7 29. Qg4 Qxg4 30. Nxg4 dxe4 31. dxe4 Rb4 32. Rxb4 axb4
33. Nf2 Ra8 34. Ra1 c5 35. Nd3 Kc6 36. g4 Bd6 37. Nb2 Be7 38. Nc4 Rd8 39.
Nxe5+ Kb6 40. Nc4+ Ka6 41. Kg3 d3 42. cxd3 Rxd3+ 43. Kf4 Rc3 44. Ne5 Bd6 45.
Rd1 Bc7 46. Rd7 Kb7 47. Rxg7 b3 48. f6 b2 49. f7 b1=Q 50. f8=Q Qf1+ 51. Kg5
Qxf8 52. Rf7 Qd8+ 53. Kf5 Kb8 54. Rf6 Bxe5 55. Re6 Qc7 56. Rxe5 Rf3+ 57. Kg5
Qxe5+ 58. Kh4 Qxe4 59. Kh5 Qe3 60. h4 Rh3 61. g5 Qg3 62. Kg6 Rxh4 63. Kf6
Rg4 64. g6 Rg5 65. Kf7 Rxg6 66. Ke7 Rg4 67. Ke8 Qe5+ 68. Kd7 Rd4+ 69. Kc6
Qd5+ 70. Kb5 Rb4+ 71. Ka6 Qa8# {White checkmated} 0-1